Map: Ultralove

Players

wootwoot - Winner!

  • Race: Protoss Protoss
  • League: Silver
  • Spawn Location: 7:00

Yasukinsan

  • Race: Zerg Zerg
  • League: Silver
  • Spawn Location: 1:00

VOD

Have the link to the VOD?

Description

Time

  • Played on: April 1, 2025, 4:38 p.m.
  • Length: 4:15
Show
View Real Time Build Order
Export as new Build Order

wootwoot Protoss - Winner!

Build Orders:  

Get SALT Encoding   

  12  0:00  Probe  
  13  0:12  Probe  
  14  0:19  Pylon  
  14  0:24  Probe  
  15  0:37  Probe  
  15  0:38  Gateway  
  16  0:44  Assimilator  
  17  0:50  Probe  
  17  0:54  Assimilator  
  17  1:02  Probe  
  18  1:05  Pylon  
  18  1:14  Probe  
  19  1:26  Cybernetics Core, Probe  
  14  1:32  Warp Gate  
  20  1:38  Probe  
  21  1:50  Probe  
  22  2:02  Adept, Probe  
  25  2:09  Gateway  
  25  2:12  Gateway  
  25  2:32  Gateway  
  25  2:41  Pylon  
  25  3:20  Stalker x2  
  25  3:21  Stalker  
  25  3:26  Stalker  
  31  3:45  Stalker x3  
  37  3:50  Stalker  
  37  3:54  Pylon  
  39  4:00  Pylon  
Show
View Real Time Build Order
Export as new Build Order

Yasukinsan Zerg 

Build Orders: Pool First 

Get SALT Encoding   

  12  0:02  Drone  
  13  0:24  Spawning Pool  
  12  0:31  Drone x2  
  14  0:36  Extractor  
  14  0:41  Extractor  
  12  0:49  Overlord  
  14  0:55  Extractor  
  13  0:57  Extractor  
  13  0:59  Drone x2  
  16  1:08  Drone  
  17  1:12  Queen  
  17  1:18  Drone  
  20  1:31  Zergling x2  
  21  1:51  Extractor  
  20  1:55  Extractor  
  19  2:12  Zergling x2  
  19  2:13  Zergling x2  
  21  2:18  Hatchery  
  20  2:28  Zergling x4  
  21  2:32  Zergling x2  
  22  2:39  Evolution Chamber  
  22  2:42  Evolution Chamber  
  22  2:43  Zergling x4  
  24  2:51  Overlord  
  22  3:16  Zergling x2  
  22  3:17  Zergling x2  
  23  3:25  Roach Warren  
  18  3:47  Zergling x2  
  18  3:48  Zergling x2  
  18  3:57  Drone x3  
Tags
 
Matchup
PvZ
Opening
Pool First
Replay Pack
B2M-Replays
Spawn Locations
Cross Positions
Add a new tag
Caveats
  • Supply blocks, unpowered buildings, or Contaminate may cause inaccurate times.
  • Supply counts are checked every 10 seconds.